 Dungeon Crawl Stone Soup version 0.31-a0-1589-g8f5e8aebd6 (webtiles) character file.

Game seed: 9189321674063520817

252 MisterAzrael the Trooper (level 5, -1/48 HPs)
             Began as a Minotaur Fighter on Jan 5, 2024.
             Was an Initiate of Yredelemnul.
             Slain by a gnoll
             ... wielding a +0 club
             ... led by a gnoll bouda
              (5 damage)
             ... on level 3 of the Dungeon.
             The game lasted 00:04:12 (2550 turns).

MisterAzrael the Trooper (Minotaur Fighter)         Turns: 2550, Time: 00:04:12

Health: -1/48      AC:  9    Str: 22    XL:     5   Next: 89%
Magic:  4/4        EV:  8    Int:  5    God:    Yredelemnul [......]
Gold:   184        SH:  4    Dex: 10    Spells: 4/4 levels left

rFire   . . .        u - +2 long sword (elec)
rCold   . . .        c - +0 buckler
rNeg    . . .        l - +0 chain mail
rPois   .            (helmet restricted)
rElec   .            (no cloak)
rCorr   .            (no gloves)
SInv    .            (no boots)
Will    .....        (no amulet) Stlth
                     (no ring)
HPRegen 0.28/turn    (no ring)
MPRegen 0.09/turn

%: no passive effects
@: no status effects
A: horns 2, retaliatory headbutt
a: Renounce Religion, Recall Undead Harvest


You were on level 3 of the Dungeon.
You worshipped Yredelemnul.
Yredelemnul was noncommittal.
You visited 1 branch of the dungeon, and saw 4 of its levels.

You collected 184 gold pieces.

Inventory:

Hand Weapons
 a - a +0 trident
 u - a +2 long sword of electrocution (weapon)
Missiles
 h - 8 atropa-tipped darts
 p - 2 throwing nets
 q - 7 boomerangs
 r - 4 poisoned darts
Armour
 b - a +0 scale mail
 c - a +0 buckler (worn)
 l - a +0 chain mail (worn)
 o - an orb of wrath
Jewellery
 k - a ring of protection from fire
Talismans
 g - a flux talisman
Scrolls
 f - a scroll of teleportation {unknown}
 i - a scroll of poison {unknown}
 j - 2 scrolls of revelation {unknown}
 v - 3 scrolls of identify {unknown}
 w - a scroll of blinking {unknown}
 y - a scroll of amnesia {unknown}
Potions
 d - a potion of might
 e - a potion of heal wounds {unknown}
 m - a potion of invisibility {unknown}
 n - a potion of resistance {unknown}
 s - a potion of mutation {unknown}
 t - a potion of haste {unknown}
 x - a potion of brilliance {unknown}


   Skills:
 * Level 5.5 Fighting
 * Level 1.6 Long Blades
 - Level 3.7 Polearms
 + Level 1.8 Throwing
 + Level 4.8 Armour
 - Level 4.1 Shields


You had 4 spell levels left.
You didn't know any spells.
Your spell library contained the following spells:

 Spells                   Type           Power      Damage    Failure   Level
 Call Imp                 Summ           0%         N/A       99%         2
 Ensorcelled Hibernation  Hex/Ice        0%         N/A       99%         2
 Sublimation of Blood     Necr           0%         N/A       99%         2
 Passage of Golubria      Tloc           0%         N/A       100%        4
 Freezing Cloud           Conj/Ice/Air   0%         6-21      100%        5
 Summon Hydra             Summ           0%         N/A       100%        7


Dungeon Overview and Level Annotations

Branches:
Dungeon (4/15)
 Temple: D:4-7

Altars:
Yredelemnul
Zin


Innate Abilities, Weirdness & Mutations

You have a pair of horns on your head.
You reflexively headbutt those who attack you in melee.


Message History

The orc shouts!
The gnoll hits you with a +0 club. The gnoll hits you but does no damage.
The gnoll barely misses you. The endoplasm hits you.
You struggle against the net.
The gnoll hits you with a +0 club. x2
The endoplasm barely misses you.
You rip the net and break free!
You block the gnoll's attack. x2
The gnoll closely misses you. The endoplasm hits you.
The gnoll hits you with a +0 club. The gnoll hits you with a +0 club!
The endoplasm barely misses you.
The gnoll throws a throwing net.
The throwing net barely misses you.
The throwing net hits the gnoll.
The gnoll is caught in the net!
You climb upwards.
There is a stone staircase leading down, spattered with blood here.
The gnoll barely misses you. You block the endoplasm's attack.
You climb downwards.
The gnoll hits you but does no damage.
The orc hits you with a +0 heavy war axe.
The gnoll barely misses you.
There is a stone staircase leading up, spattered with blood here.
You block the gnoll's attack. The gnoll hits you but does no damage.
The orc barely misses you. The endoplasm freezes you.
You are frozen.
* * * LOW HITPOINT WARNING * * *
You climb upwards.
There is a stone staircase leading down, spattered with blood here.
You hit the orc.
The orc is moderately wounded.
The gnoll hits you with a +0 club.
* * * LOW HITPOINT WARNING * * *
The gnoll barely misses you. The endoplasm freezes you.
You are frozen.
* * * LOW HITPOINT WARNING * * *
You completely miss the orc. You headbutt the orc.
The orc is heavily wounded.
The gnoll hits you with a +0 club.
* * * LOW HITPOINT WARNING * * *
The orc barely misses you. The gnoll hits you with a +0 club.
You die...
Your body rises from the dead as a mindless zombie.

######..#.......##...#....
#...#......#....#....
##........##.........
#........#..........
#........#....#...#.
#........#....#.###.
#.^......#....#.##..
#..#J....#....#.##.#
#.g@g...)##...#.##.#
#.)o##.####...#.##.#
#......# ##..#.##.#
#.#.#..# #..#.##.#
#.#.#..### ##.#....#
#.#.#....# #.######
##.#.##.#.# ##.#
#....##.#.###..######
#....##.#..)..###....


You could see 2 gnolls, an orc and an endoplasm.

Vanquished Creatures
  A sleepcap (D:3)
  An iguana (D:3)
  An orc wizard (D:3)
  Robin (D:2)
  4 gnolls
  3 adders
  2 dart slugs
  3 orcs (D:3)
  13 ball pythons
  2 endoplasms (D:1)
  2 giant cockroaches
  12 goblins
  12 hobgoblins
  3 jackals (D:1)
  5 kobolds
  5 quokkas
  2 bats
  12 frilled lizards
  4 rats (D:1)
88 creatures vanquished.

Vanquished Creatures (collateral kills)
  A quokka (D:3)
1 creature vanquished.

Grand Total: 89 creatures vanquished

Notes
Turn   | Place    | Note
-------+----------+-------------------------------------------
     0 | D:1      | MisterAzrael the Minotaur Fighter began the quest for the
                  | Orb.
     0 | D:1      | Reached XP level 1. HP: 19/19 MP: 0/0
     6 | D:1      | Noticed an anaconda
    21 | D:1      | Noticed a death yak
   153 | D:1      | Reached XP level 2. HP: 25/27 MP: 1/1
   197 | D:1      | Got the Guidebook on Frostbitten Points
   340 | D:1      | Reached skill level 4 in Fighting
   365 | D:1      | Reached XP level 3. HP: 33/33 MP: 2/2
   666 | D:2      | Reached XP level 4. HP: 41/41 MP: 3/3
   687 | D:2      | Reached skill level 1 in Throwing
   775 | D:2      | Noticed Robin
   783 | D:2      | Killed Robin
  1453 | D:3      | Reached XP level 5. HP: 47/47 MP: 4/4
  1508 | D:3      | Reached skill level 5 in Fighting
  1538 | D:3      | HP: 2/48 [orc/+0 hand axe (3)]
  1870 | D:3      | Found a basalt altar of Yredelemnul.
  1894 | D:3      | Became a worshipper of Yredelemnul the Dark
  2072 | D:3      | Found a faded altar of an unknown god.
  2197 | D:3      | Reached skill level 1 in Long Blades
  2270 | D:3      | Found a glowing silver altar of Zin.
  2550 | D:3      | Slain by a gnoll

Illustrated notes

Levels and vault maps discovered:
D:1:      sevenhm_arrival_forest_fort_small_2, layout_basic,
          chequers_serial_rivers_micro_a, interstate_on_off, minmay_heptomino_l4
D:2:      layout_basic, minmay_lizard_pond, uniq_robin
D:3:      layout_rooms, zin_statuary, mainiacjoe_overflow_cross_hatched,
          hellmonk_ecumenical_altar_zigzags
D:4:      layout_basic, nzn_overflow_gifts_of_might_and_magic, uniq_sigmund

Skill      XL: |  1  2  3  4  5 |
---------------+----------------+-----
Armour         | 4 |  4.8
Fighting       | 4 5 |  5.5
Polearms       | 3 |  3.7
Shields        | 4 |  4.1
Throwing       | 1 |  1.8
Long Blades    | 1 |  1.6

Action                     |  1- 3 |  4- 6 || total
---------------------------+-------+-------++-------
  Melee: Trident           |   108 |    65 ||   173
         Headbutt          |     9 |    22 ||    31
         Long sword        |       |    21 ||    21
    Use: Potion            |       |     4 ||     4
   Stab: Distracted        |       |     1 ||     1
 Armour: Scale mail        |    33 |       ||    33
         Chain mail        |    29 |   136 ||   165
  Dodge: Dodged            |    46 |    66 ||   112
  Block: Buckler           |    16 |    23 ||    39

Table legend: (Time is in decaauts)
 A = Elapsed time spent in this place.
 B = Non-inter-level travel time spent in this place.
 C = Inter-level travel time spent in this place.
 D = Time resting spent in this place.
 E = Time spent auto-exploring this place.
 F = Levels seen in this place.
 G = Mean time per level.
                   A        B        C        D        E       F      G
               +--------+--------+--------+--------+--------+-----+--------+
         Total |   2612 |   2518 |     94 |    527 |   1435 |   4 |  653.0 |
       Dungeon |   2612 |   2518 |     94 |    527 |   1435 |   4 |  653.0 |
               +--------+--------+--------+--------+--------+-----+--------+

Top non-repeatable levels by time:
     D:3: 1159 daAuts
     D:2: 868 daAuts
     D:1: 566 daAuts
     D:4: 17 daAuts
